 Dungeon Crawl Stone Soup version 0.31-a0-128-g25add195a6 (webtiles) character file.

Game seed: 16918638468584330454

530 Darkkill the Shooter (level 7, -1/61 HPs)
             Began as a Minotaur Hunter on June 1, 2023.
             Was an Initiate of Gozag.
             Slain by an ogre
             ... wielding a +0 giant spiked club
              (31 damage)
             ... on level 5 of the Dungeon.
             The game lasted 00:05:01 (3666 turns).

Darkkill the Shooter (Minotaur Hunter)              Turns: 3666, Time: 00:05:01

Health: -1/61      AC:  5    Str: 16    XL:     7   Next: 3%
Magic:  6/6        EV: 13    Int:  6    God:    Gozag
Gold:   142        SH:  0    Dex: 15    Spells: 6/6 levels left

rFire   . . .        b - +2 lajatang (elec)
rCold   . . .        (shield currently unavailable)
rNeg    . . .        c - +0 leather armour
rPois   .            (helmet restricted)
rElec   .            (no cloak)
rCorr   .            r - +1 pair of gloves
SInv    .            (no boots)
Will    .....        (no amulet)
Stlth   ++           (no ring)
HPRegen 0.30/turn    (no ring)
MPRegen 0.10/turn

%: no passive effects
@: no status effects
A: horns 2, retaliatory headbutt
a: Renounce Religion, Potion Petition, Call Merchant, Bribe Branch


You were on level 5 of the Dungeon.
You worshipped Gozag.
Gozag was aware of your devotion.
You visited 2 branches of the dungeon, and saw 7 of its levels.

You collected 222 gold pieces.
You paid 80 gold pieces to Gozag.

Inventory:

Hand Weapons
 a - a +1 shortbow
 b - a +2 lajatang of electrocution (weapon)
 k - a +2 hammer of protection
Missiles
 f - 3 boomerangs
 l - 32 stones
Armour
 c - a +0 leather armour (worn)
 g - a +0 pair of boots
 r - a +1 pair of gloves (worn)
Jewellery
 t - an amulet of magic regeneration
Wands
 p - a wand of charming (12)
Scrolls
 d - a scroll of butterflies
Potions
 h - a potion of mutation
 i - a potion of resistance
 j - 2 potions of haste
 m - a potion of lignification {unknown}
 n - a potion of magic {unknown}
 u - a potion of cancellation {unknown}


   Skills:
 + Level 5.0 Fighting
 + Level 6.0 Ranged Weapons
 + Level 4.6 Dodging
 + Level 3.2 Stealth


You had 6 spell levels left.
You didn't know any spells.
Your spell library contained the following spells:

 Spells                   Type           Power      Damage    Failure   Level
 Call Canine Familiar     Summ           0%         N/A       88%         3
 Portal Projectile        Hex/Tloc       0%         N/A       88%         3
 Leda's Liquefaction      Hex/Erth       0%         N/A       99%         4


Dungeon Overview and Level Annotations

Branches:
Dungeon (6/15)             Temple (1/1) D:5

Altars:
Ashenzari
Cheibriados
Dithmenos
Elyvilon
Fedhas
Gozag
Hepliaklqana
Makhleb
Nemelex Xobeh
Okawaru
Qazlal
Ru
Sif Muna
Trog
Uskayaw
Xom
Yredelemnul
Zin
The Shining One

Annotations:
D:2 1 runed translucent door, Crazy Yiuf
D:3 2 transporters, ZoeForever1's ghost, amateur DEFE
D:5 Prince Ribbit
Temple 2 transporters


Innate Abilities, Weirdness & Mutations

You have a pair of horns on your head.
You reflexively headbutt those who attack you in melee.


Message History

You miss Prince Ribbit. Your headbutt misses Prince Ribbit.
Prince Ribbit is moderately wounded.
Prince Ribbit misses you. Prince Ribbit hits you!
You slash Prince Ribbit!
Prince Ribbit is heavily wounded.
Prince Ribbit hits you.
* * * LOW HITPOINT WARNING * * *
Prince Ribbit blinks!
There is a stone staircase leading down, spattered with blood here.
Prince Ribbit blinks!
You climb downwards.
There is a stone staircase leading up here.
You start resting.
HP restored.
You can't go down here!
You climb upwards.
Level annotation: Prince Ribbit Prince Ribbit hits you.
Prince Ribbit misses you.
There is a stone staircase leading down, spattered with blood here.
You miss Prince Ribbit.
Prince Ribbit is moderately wounded.
Prince Ribbit barely misses you. Prince Ribbit hits you!
You closely miss Prince Ribbit.
Prince Ribbit is moderately wounded.
Prince Ribbit completely misses you. You furiously retaliate!
You headbutt Prince Ribbit. Prince Ribbit hits you!
You closely miss Prince Ribbit. Your headbutt misses Prince Ribbit.
Prince Ribbit is moderately wounded.
Prince Ribbit hits you! Prince Ribbit barely misses you.
You furiously retaliate!
You headbutt Prince Ribbit! You miss Prince Ribbit.
Your headbutt misses Prince Ribbit.
Prince Ribbit is heavily wounded.
Prince Ribbit hits you but does no damage.
Prince Ribbit blinks!
Prince Ribbit lets out a mournful croak.
Prince Ribbit blinks!
You climb downwards.
There is a stone staircase leading up here.
You start resting.
HP restored.
You climb upwards.
Level annotation: Prince Ribbit Prince Ribbit misses you.
You furiously retaliate!
You headbutt Prince Ribbit! Prince Ribbit hits you!
There is a stone staircase leading down, spattered with blood here.
You miss Prince Ribbit.
Prince Ribbit is moderately wounded.
Prince Ribbit blinks!
As you read the scroll of teleportation, it crumbles to dust.
You feel strangely unstable.
Your surroundings suddenly seem different.
You start resting.
An ogre comes into view. It is wielding a +0 giant spiked club.
A scorpion comes into view.
The helpless scorpion fails to defend itself.
You hit the scorpion.
The scorpion is moderately wounded.
The scorpion closely misses you. The scorpion barely misses you.
You slash the scorpion!
The scorpion is severely wounded.
The scorpion stings you. The scorpion closely misses you.
You furiously retaliate!
You headbutt the scorpion.
You kill the scorpion!
You now have 137 gold pieces (gained 7).
A sleepcap comes into view.
The helpless sleepcap fails to defend itself.
You slash the sleepcap!
You headbutt the sleepcap, but do no damage.
The sleepcap is moderately damaged.
The sleepcap releases spores at you! The sleepcap releases spores at you.
You hit the sleepcap.
The sleepcap is heavily damaged.
The sleepcap releases spores at you.
You hit the sleepcap.
You headbutt the sleepcap, but do no damage.
The sleepcap is heavily damaged.
The sleepcap misses you. You furiously retaliate!
You headbutt the sleepcap! The sleepcap releases spores at you.
You slash the sleepcap!
You destroy the sleepcap!
Your Fighting skill increases to level 5!
Your Ranged Weapons skill increases to level 6!
You have reached level 7!
You now have 142 gold pieces (gained 5).
Unknown command.
Found a scroll labelled WASKALLAIVUB.
The ogre shouts!
The ogre hits you but does no damage.
You see here a scroll labelled WASKALLAIVUB.
You barely miss the ogre. The ogre closely misses you.
You hit the ogre. Lightning courses through the ogre!
Your headbutt misses the ogre.
The ogre is heavily wounded.
The ogre hits you with a +0 giant spiked club!!
You barely miss the ogre.
The ogre is heavily wounded.
The ogre hits you with a +0 giant spiked club!!
Ouch! That really hurt!
You die...
Your body crumbles into a pile of gold.

#####.#####
#.# #.# #.#
#.# #.#
#.## #..#
##@# #O#
..# ####


You could see an ogre.

Vanquished Creatures
  A black bear (D:4)
  A phantom (D:4)
  A scorpion (D:5)
  A howler monkey (D:4)
  2 hounds (D:4)
  A jelly (D:4)
  2 sleepcaps
  An iguana (D:4)
  3 gnolls (D:5)
  2 adders
  3 dart slugs
  4 ball pythons
  An endoplasm (D:3)
  3 giant cockroaches
  7 goblins
  3 hobgoblins
  5 kobolds
  5 quokkas
  5 bats
  A frilled lizard (D:1)
  A rat (D:2)
53 creatures vanquished.

Notes
Turn   | Place    | Note
-------+----------+-------------------------------------------
     0 | D:1      | Darkkill the Minotaur Hunter began the quest for the Orb.
     0 | D:1      | Reached XP level 1. HP: 18/18 MP: 0/0
   115 | D:1      | Reached skill level 1 in Stealth
   150 | D:1      | Reached XP level 2. HP: 16/25 MP: 1/1
   444 | D:1      | Identified a scroll of acquirement
   444 | D:1      | Acquired a +2 lajatang of electrocution
   720 | D:2      | Reached XP level 3. HP: 31/31 MP: 2/2
  1072 | D:2      | Found a stormy altar of Qazlal.
  1186 | D:2      | Found a runed translucent door.
  1187 | D:2      | Noticed Crazy Yiuf
  1430 | D:3      | Found a faded altar of an unknown god.
  1615 | D:3      | Found a transporter.
  1698 | D:3      | Noticed a small abomination
  1712 | D:3      | Found a transporter.
  1715 | D:3      | Noticed a small abomination
  1873 | D:3      | Noticed ZoeForever1's ghost (amateur DEFE)
  1971 | D:3      | Found a hazy altar of Hepliaklqana.
  2204 | D:4      | Reached XP level 4. HP: 36/38 MP: 3/3
  2218 | D:4      | Noticed a black bear
  2221 | D:4      | Reached skill level 5 in Ranged Weapons
  2228 | D:4      | Killed a black bear
  2229 | D:4      | Reached XP level 5. HP: 25/46 MP: 4/4
  2306 | D:4      | Noticed a phantom
  2319 | D:4      | Killed a phantom
  2320 | D:4      | Reached XP level 6. HP: 39/53 MP: 5/5
  2841 | D:5      | Entered Level 5 of the Dungeon
  2973 | D:5      | Found a shimmering altar of Xom.
  3082 | D:5      | Found a staircase to the Ecumenical Temple.
  3092 | D:5      | Noticed Prince Ribbit
  3095 | Temple   | Entered the Ecumenical Temple
  3095 | Temple   | Found a transporter.
  3095 | Temple   | Found a transporter.
  3112 | Temple   | Found a transporter.
  3112 | Temple   | Found a transporter.
  3133 | Temple   | Became a worshipper of Gozag Ym Sagoz the Greedy
  3158 | D:5      | HP: 4/55 [Prince Ribbit (12)]
  3637 | D:5      | Reached skill level 5 in Fighting
  3637 | D:5      | Reached skill level 6 in Ranged Weapons
  3637 | D:5      | Reached XP level 7. HP: 42/61 MP: 6/6
  3666 | D:5      | Slain by an ogre

Illustrated notes

Levels and vault maps discovered:
D:1:      lordsloth_arrival_two_stooges, layout_rooms
D:2:      layout_loops_ring, basic_altar, grunt_ministairs_13,
          uniq_crazy_yiuf_cottage
D:3:      layout_basic, nzn_hepliaklqana_mist_gate,
          gammafunk_ghost_abyssal_escape, ebering_ecumenical_altar_petrified,
          moated_statue
D:4:      layout_gridville
D:5:      layout_loops_ring, tgw_xom, minmay_temple_entry_mini_moons,
          kennysheep_generic_room_9, uniq_prince_ribbit1
D:6:      layout_rooms, vehumet_crystals, uniq_edmund, uniq_duvessa
Temple:   hellmonk_temple_divided_pantheon

Skill      XL: |  1  2  3  4  5  6 |
---------------+-------------------+-----
Stealth        | 1 2 3 |  3.2
Fighting       | 3 4 5 |  5.0
Dodging        | 3 4 |  4.6
Ranged Weapons | 5 6 |  6.0

Action                     |  1- 3 |  4- 6 |  7- 9 || total
---------------------------+-------+-------+-------++-------
  Melee: Lajatang          |       |    20 |     3 ||    23
         Headbutt          |       |     2 |       ||     2
   Fire: Shortbow          |   107 |    73 |       ||   180
    Use: Scroll            |    12 |     5 |       ||    17
         Potion            |       |     4 |       ||     4
   Stab: Sleeping          |       |     2 |       ||     2
 Armour: Leather armour    |     8 |    17 |     1 ||    26
  Dodge: Dodged            |    11 |    35 |     1 ||    47

Table legend: (Time is in decaauts)
 A = Elapsed time spent in this place.
 B = Non-inter-level travel time spent in this place.
 C = Inter-level travel time spent in this place.
 D = Time resting spent in this place.
 E = Time spent auto-exploring this place.
 F = Levels seen in this place.
 G = Mean time per level.
                   A        B        C        D        E       F      G
               +--------+--------+--------+--------+--------+-----+--------+
         Total |   3707 |   3524 |    183 |    521 |   2420 |   7 |  529.6 |
       Dungeon |   3649 |   3472 |    177 |    521 |   2420 |   6 |  608.2 |
        Temple |     58 |     52 |      6 |      0 |      0 |   1 |   58.0 |
               +--------+--------+--------+--------+--------+-----+--------+

Top non-repeatable levels by time:
     D:3: 870 daAuts
     D:4: 728 daAuts
     D:2: 728 daAuts
     D:1: 542 daAuts
     D:6: 398 daAuts
     D:5: 381 daAuts
  Temple: 58 daAuts

Levels and vault maps discovered:
D:1:      lordsloth_arrival_two_stooges, layout_rooms
D:2:      layout_loops_ring, basic_altar, grunt_ministairs_13,
          uniq_crazy_yiuf_cottage
D:3:      layout_basic, nzn_hepliaklqana_mist_gate,
          gammafunk_ghost_abyssal_escape, ebering_ecumenical_altar_petrified,
          moated_statue
D:4:      layout_gridville
D:5:      layout_loops_ring, tgw_xom, minmay_temple_entry_mini_moons,
          kennysheep_generic_room_9, uniq_prince_ribbit1
D:6:      layout_rooms, vehumet_crystals, uniq_edmund, uniq_duvessa
Temple:   hellmonk_temple_divided_pantheon

Table legend: (Time is in decaauts)
 A = Elapsed time spent in this place.
 B = Non-inter-level travel time spent in this place.
 C = Inter-level travel time spent in this place.
 D = Time resting spent in this place.
 E = Time spent auto-exploring this place.
 F = Levels seen in this place.
 G = Mean time per level.
                   A        B        C        D        E       F      G
               +--------+--------+--------+--------+--------+-----+--------+
         Total |   3707 |   3524 |    183 |    521 |   2420 |   7 |  529.6 |
       Dungeon |   3649 |   3472 |    177 |    521 |   2420 |   6 |  608.2 |
        Temple |     58 |     52 |      6 |      0 |      0 |   1 |   58.0 |
               +--------+--------+--------+--------+--------+-----+--------+

Top non-repeatable levels by time:
     D:3: 870 daAuts
     D:4: 728 daAuts
     D:2: 728 daAuts
     D:1: 542 daAuts
     D:6: 398 daAuts
     D:5: 381 daAuts
  Temple: 58 daAuts

Table legend:
 A = Kills in this place as a percentage of kills in the entire game.
 B = Kills by you in this place as a percentage of kills by you in the entire game.
 C = Kills by friends in this place as a percentage of kills by friends in the entire game.
 D = Other kills in this place as a percentage of other kills in the entire game.
 E = Experience gained in this place as a percentage of experience gained in the entire game.
 F = Experience gained in this place divided by the number of levels of this place that you have seen.
                   A       B       C       D       E      F
               +-------+-------+-------+-------+-------+----------------------
         Total | 100.0 | 100.0 |   N/A |   N/A | 100.0 | 108.3
       Dungeon |  98.1 |  98.1 |   N/A |   N/A |  94.7 | 119.7
        Temple |   1.9 |   1.9 |   N/A |   N/A |   5.3 |  40.0
               +-------+-------+-------+-------+-------+----------------------
